 Dungeon Crawl Stone Soup version 0.18.1-48-g4cf74bf (webtiles) character file.

469 ErikD the Covered (level 7, -6/60 HPs)
             Began as a Hill Orc Berserker on Aug 11, 2016.
             Was a Believer of Trog.
             Mangled by ayyllmao's ghost (9 damage)
             ... on level 4 of the Dungeon.
             The game lasted 00:18:39 (3146 turns).

ErikD the Covered (Hill Orc Berserker)              Turns: 3146, Time: 00:18:39

Health: -6/60      AC:  8    Str: 25    XL:     7   Next: 9%
Magic:  7/7        EV: 11    Int:  9    God:    Trog [**....]
Gold:   161        SH:  0    Dex: 10    Spells: 0 memorised, 6 levels left

rFire  . . .     SeeInvis .     r - +3 dagger (venom)
rCold  . . .     Gourm    .     h - +0 scale mail
rNeg   . . .     Faith    .     (no shield)
rPois  .         Spirit   .     (no helmet)
rElec  .         Dismiss  .     (no cloak)
rCorr  .         Reflect  .     (no gloves)
SustAt .         Harm     .     o - +0 pair of boots
MR     .....                    (no amulet)
Stlth  ..........               (no ring)
                                (no ring)

@: mighty, exhausted, slowed, very slow, not resistant to hostile enchantments,
extremely unstealthy
A: no striking features
a: Berserk, Trog's Hand, Burn Spellbooks, Renounce Religion


You were on level 4 of the Dungeon.
You worshipped Trog.
Trog was pleased with you.
You were near starving.

You visited 1 branch of the dungeon, and saw 4 of its levels.

You collected 161 gold pieces.

Inventory:

Hand Weapons
 a - a +0 hand axe
 r - a +3 dagger of venom (weapon)
 v - a +0 scythe of flaming
 x - a cursed -2 falchion
Missiles
 j - 97 stones (quivered)
Armour
 b - a +0 animal skin
 h - a +0 scale mail (worn)
 o - a +0 pair of boots (worn)
Scrolls
 g - a scroll of amnesia
 l - a scroll of random uselessness {unknown}
 m - a scroll of remove curse {unknown}
 n - a scroll of magic mapping {unknown}
 p - a scroll of fear {unknown}
 t - 2 scrolls of fog
 w - a scroll of enchant armour {unknown}
Potions
 c - a potion of mutation {unknown}
 d - a potion of lignification {unknown}
 e - a potion of flight {unknown}
 q - a potion of cure mutation {unknown}
 s - a potion of might
 u - 2 potions of curing {unknown}
 z - a potion of agility {unknown}
Comestibles
 f - a beef jerky
 i - a bread ration


   Skills:
 + Level 4.8 Fighting
 + Level 1.5 Short Blades
 + Level 4.7 Axes
 + Level 1.9 Throwing
 + Level 5.4 Armour
 + Level 2.7 Dodging
 + Level 0.6 Stealth


You had 6 spell levels left.
You didn't know any spells.

Dungeon Overview and Level Annotations

Branches:
Dungeon (4/15)
 Temple: D:4-7

Altars:
Ashenzari

Annotations:
D:4 ayyllmao's ghost, novice GrFi


Message History

You feel very mighty all of a sudden. Ayyllmao's ghost hits you!
* * * LOW HITPOINT WARNING * * *
You hit ayyllmao's ghost but do no damage.
Ayyllmao's ghost is severely damaged.
Ayyllmao's ghost hits you but does no damage.
You closely miss ayyllmao's ghost.
Ayyllmao's ghost is severely damaged.
Ayyllmao's ghost hits you!
* * * LOW HITPOINT WARNING * * *
Ayyllmao's ghost misses you.
You puncture ayyllmao's ghost!
Ayyllmao's ghost is almost destroyed.
Ayyllmao's ghost completely misses you.
You barely miss ayyllmao's ghost.
Ayyllmao's ghost is almost destroyed.
Ayyllmao's ghost hits you.
* * * LOW HITPOINT WARNING * * *
Ayyllmao's ghost hits you!
You die...

#.#.# #.#.......# #.#.#
#.#.......# ..#.#
#.#.......# ..#.#
#.#>......# .##.#
#.......### ..# #######.#
########### #.#
#....#....##########.#
#.#.##....@W.........###
#.#.#####.##...........#
#.#.......##.##.#.#..#.#
#####.##########....#.#....#
#.....# #..###.###..#
#.##### #..#...^.#..# ###.#
#..#######..# ....#
#..≈≈≈≈≈≈≈..# #.#.#
#..#######.##


You could see ayyllmao's ghost.

Vanquished Creatures
  Sigmund (D:2)
  The ghost of loom the Conjurer, a weakling DECj (D:3)
  A crimson imp (D:3)
  2 orc priests (D:3)
  A centaur skeleton (D:4)
  Robin (D:3)
  A howler monkey skeleton (D:3)
  5 adders
  An ooze (D:1)
  A dart slug (D:1)
  3 giant geckos
  8 orcs
  2 giant cockroaches (D:2)
  8 hobgoblins
  3 jackals (D:3)
  6 kobolds
  A ball python (D:2)
  3 bats
  7 giant newts
  14 goblins
  7 rats
77 creatures vanquished.

Notes
Turn   | Place    | Note
--------------------------------------------------------------
     0 | D:1      | ErikD the Hill Orc Berserker began the quest for the Orb.
     0 | D:1      | Reached XP level 1. HP: 19/19 MP: 1/1
   143 | D:1      | Reached XP level 2. HP: 22/27 MP: 2/2
   671 | D:1      | Reached ** piety under Trog
   671 | D:1      | Reached XP level 3. HP: 33/33 MP: 3/3
  1376 | D:2      | Reached skill level 3 in Armour
  1382 | D:2      | Reached XP level 4. HP: 39/41 MP: 4/4
  1599 | D:2      | Noticed Sigmund
  1636 | D:2      | Killed Sigmund
  1636 | D:2      | Reached skill level 1 in Throwing
  1636 | D:2      | Reached skill level 4 in Armour
  1636 | D:2      | Reached XP level 5. HP: 47/47 MP: 5/5
  1636 | D:2      | Reached XP level 6. HP: 53/53 MP: 6/6
  1960 | D:3      | Noticed loom's ghost (weakling DECj)
  1977 | D:3      | Killed loom's ghost
  2169 | D:3      | Found a shattered altar of Ashenzari.
  2197 | D:3      | Noticed Robin
  2241 | D:3      | Reached skill level 1 in Short Blades
  2242 | D:3      | Killed Robin
  2275 | D:3      | Reached skill level 5 in Armour
  2473 | D:3      | Reached *** piety under Trog
  2669 | D:3      | Reached XP level 7. HP: 50/60 MP: 7/7
  3092 | D:4      | Noticed ayyllmao's ghost (novice GrFi)
  3146 | D:4      | HP: 3/60 [ayyllmao's ghost (6)]
  3146 | D:4      | Mangled by ayyllmao's ghost

Skill      XL: |  1  2  3  4  5  6 |
---------------+-------------------+-----
Fighting       | 4 |  4.8
Dodging        | 2 |  2.7
Armour         | 3 4 5 |  5.4
Throwing       | 1 |  1.9
Short Blades   | 1 |  1.5
Axes           | |  4.7
Stealth        | |  0.6

Action                   |  1- 3 |  4- 6 |  7- 9 || total
-------------------------+-------+-------+-------++-------
Melee: Hand axe          |    82 |       |       ||    82
       Dagger            |    11 |   127 |    59 ||   197
Throw: Stone             |    36 |    32 |     3 ||    71
Invok: Trog's Hand       |       |     5 |     1 ||     6
       Berserk           |       |     2 |     1 ||     3
  Use: Scroll            |       |     4 |     2 ||     6
       Potion            |       |       |     3 ||     3
  Eat: Bread ration      |     1 |       |       ||     1
       Meat ration       |       |     1 |       ||     1
Armor: Scale mail        |    35 |    53 |    15 ||   103
Dodge: Dodged            |    37 |    74 |    22 ||   133
